 Dungeon Crawl Stone Soup version 0.20.0-15-g7f486f2 (webtiles) character file.

14333 pib the Cleaver (level 11, -7/90 HPs)
             Began as a Demonspawn Berserker on June 25, 2017.
             Was a High Priest of Trog.
             Mangled by a white ugly thing (9 damage)
             ... in an ice cave.
             The game lasted 00:28:05 (10949 turns).

pib the Cleaver (Demonspawn Berserker)             Turns: 10949, Time: 00:28:07

Health: -7/90      AC: 19    Str: 26    XL:     11   Next: 87%
Magic:  11/11      EV: 13    Int: 10    God:    Trog [*****.]
Gold:   746        SH:  0    Dex: 19    Spells: 10/10 levels left

rFire    x . .     SeeInvis .   C - +6 war axe of Odde {flame, rN+ Str+4}
rCold    + . .     Gourm    .   (no shield)
rNeg     + . .     Faith    .   b - +3 chain mail
rPois    .         Spirit   .   (helmet restricted)
rElec    .         Reflect  .   u - scarf {cloud immunity}
rCorr    .         Harm     .   Y - +2 pair of gloves
MR       .....                  Z - +1 pair of boots
Stlth    ..........             (no amulet)
Regen    0.3/turn               g - +3 ring of slaying
MPRegen  0.2/turn               I - ring of ice

@: mighty, berserk cooldown, slowed, very slow
A: horns 2, thin skeletal structure 2, powered by pain 2
a: Berserk, Trog's Hand, Brothers in Arms, Burn Spellbooks, Renounce Religion


You were in an ice cave.
You worshipped Trog.
Trog was extremely pleased with you.
You were not hungry.

You visited 2 branches of the dungeon, and saw 13 of its levels.
You also visited: Ice Cave.

You collected 746 gold pieces.

Inventory:

Hand Weapons
 C - the +6 war axe of Odde (weapon) {flame, rN+ Str+4}
   (You found it on level 8 of the Dungeon)

   It has been specially enchanted to burn those struck by it, causing extra
   injury to most foes and up to half again as much damage against particularly
   susceptible opponents.
   Big, fiery blades are also staple armaments of hydra-hunters.
   It affects your strength (+4).
   It protects you from negative energy.
 U - the +4 fustibalus "Ogre's Funeral" {venom, *Contam Int+4 Dex+9}
   (You found it on level 7 of the Dungeon)

   It poisons the ammo it fires.
   It affects your intelligence (+4).
   It affects your dexterity (+9).
   It causes magical contamination when unequipped.
Missiles
 t - 3 throwing nets (quivered)
 V - 282 stones
 W - 31 sling bullets
Armour
 b - a +3 chain mail (worn)
 u - a scarf of cloud immunity (worn)
 X - a +0 shield
 Y - a +2 pair of gloves (worn)
 Z - a +1 pair of boots (worn)
Jewellery
 g - a +3 ring of slaying (left hand)
 l - a +1 ring of evasion
 I - a ring of ice (right hand)
 Q - an uncursed ring of protection from magic {unknown}
Wands
 r - a wand of flame (40/48)
 M - a wand of confusion (21/48)
 O - a wand of random effects (15/48)
 R - a wand of digging (5/24)
 S - a wand of confusion (13/48)
Scrolls
 e - 3 scrolls of enchant weapon
 h - 5 scrolls of fog
 n - 7 scrolls of remove curse
 p - a scroll of enchant armour {unknown}
 v - 4 scrolls of noise
 x - 7 scrolls of teleportation
 y - a scroll of vulnerability {unknown}
 z - 6 scrolls of identify
 A - 2 scrolls of fear {unknown}
 B - 4 scrolls of magic mapping {unknown}
 G - 2 scrolls of blinking {unknown}
 L - a scroll of random uselessness {unknown}
 N - 3 scrolls of recharging {unknown}
Potions
 d - 4 potions of lignification {unknown}
 i - 2 potions of resistance {unknown}
 j - a potion of experience {unknown}
 k - 3 potions of haste
 m - a potion of magic {unknown}
 o - a potion of cancellation {unknown}
 s - 4 potions of mutation
 D - 6 potions of curing {unknown}
 E - 2 potions of flight {unknown}
 F - a potion of might {unknown}
 H - 2 potions of berserk rage {unknown}
 J - 2 potions of ambrosia {unknown}
 K - a potion of invisibility {unknown}
 P - 2 potions of heal wounds {unknown}
Miscellaneous
 T - a lightning rod (4/4)
Comestibles
 a - 12 chunks of flesh
 c - 6 bread rations
 f - 18 fruits
 q - 8 royal jellies
 w - 8 meat rations


   Skills:
 + Level 9.8 Fighting
 * Level 11.2(11.4) Axes
   Level 4.0(8.3) Maces & Flails
 + Level 2.4 Slings
 + Level 7.6 Armour
 - Level 7.1 Dodging


You had 10 spell levels left.
You didn't know any spells.

Dungeon Overview and Level Annotations

Branches:
Dungeon (12/15)            Temple (0/1) D:5            Lair (1/6) D:11
    Orc: D:9-12

Altars:
Cheibriados
Elyvilon
Kikubaaqudgha
Nemelex Xobeh
Trog
Vehumet
Beogh

Shops:
D:5 [

Annotations:
D:10 1 runed door


Innate Abilities, Weirdness & Mutations

You have a pair of horns on your head.
You have a moderately thin skeletal structure. (Dex +4, Stealth+)
You sometimes gain power by taking damage.


Message History

The white ugly thing punches you!
* * * LOW HITPOINT WARNING * * *
The white ugly thing freezes you! You resist.
* * * LOW HITPOINT WARNING * * *
The ice beast hits you but does no damage.
The ice beast closely misses you.
There is nothing on the other side of the stone arch.
Your skin stops crawling.
You feel less resistant to hostile enchantments.
The ice beast hits you but does no damage.
The ice beast misses you.
The ice beast hits you but does no damage.
There is an ice covered gate leading back out of this place here.
The ice beast hits you but does no damage.
The ice beast barely misses you. The white ugly thing punches you!
* * * LOW HITPOINT WARNING * * *
You focus on the pain.
You feel very mighty all of a sudden. The white ugly thing freezes you!
You resist.
You die...

####
##...####
........##
.........##
..........##
(..8.......#
.!......Y..#
?.!....Yu@.#
.?......YY.#
/..8.......#
..........##
.........##
........##
##...####
####


You could see a white ugly thing and 4 ice beasts.

Vanquished Creatures
  3 hydras
  A two-headed ogre (D:10)
  An unseen horror (D:10)
  The ghost of vishdafish the Shield-Bearer, a novice GrFi of Okawaru (D:6)
  Pikel (D:8)
  An orc knight (D:10)
  The ghost of AltWight the Slicer, a novice BaFi (D:7)
  An ugly thing (D:11)
  A manticore (D:12)
  2 trolls
  2 dream sheep (D:8)
  3 hippogriffs
  A wyvern (D:8)
  8 yaks
  Grum (Lair:1)
  A soldier ant (D:10)
  A porcupine (D:11)
  Duvessa (D:7)
  2 ice beasts (IceCv)
  3 slaves (D:8)
  2 ogres
  11 orc warriors
  3 black bears
  4 phantoms
  3 wolves (Lair:1)
  5 centaurs
  A crocodile (Lair:1)
  4 big kobolds
  4 bullfrogs
  A gnoll sergeant (D:11)
  2 scorpions
  Dowan (D:7)
  4 killer bees (D:10)
  5 wights (D:10)
  4 howler monkeys
  5 crimson imps
  6 hounds
  A jelly (D:8)
  12 orc wizards
  6 orc priests
  A bullfrog skeleton (D:11)
  2 centaur skeletons
  An iguana (D:10)
  Terence (D:2)
  Natasha (twice) (D:2)
  9 worker ants
  A killer bee zombie (D:6)
  2 hound skeletons (D:5)
  A worker ant zombie (D:5)
  4 gnolls (D:11)
  9 adders
  3 shadow imps
  An adder zombie (D:7)
  3 worms
  An adder skeleton (D:6)
  2 dart slugs (D:1)
  6 leopard geckos
  51 orcs
  6 bats
  5 giant cockroaches
  7 goblins
  9 hobgoblins
  8 jackals
  A quokka (D:4)
  A ball python (D:1)
  8 frilled lizards
  9 kobolds
  13 rats
  3 fungi (D:11)
290 creatures vanquished.

Vanquished Creatures (others)
  A slave (D:8)
1 creature vanquished.

Grand Total: 291 creatures vanquished

Notes
Turn   | Place    | Note
-------+----------+-------------------------------------------
     0 | D:1      | pib the Demonspawn Berserker began the quest for the Orb.
     0 | D:1      | Reached XP level 1. HP: 18/18 MP: 1/1
   229 | D:1      | Gained mutation: You have a somewhat thin skeletal structure. (Dex +2, Stealth) [demonic ancestry]
   229 | D:1      | Reached XP level 2. HP: 24/24 MP: 2/2
   674 | D:1      | Found a sparkling altar of Nemelex Xobeh.
   884 | D:2      | Gained mutation: You sometimes gain a little power by taking damage. [demonic ancestry]
   884 | D:2      | Reached XP level 3. HP: 23/30 MP: 3/3
  1023 | D:2      | Noticed Terence
  1031 | D:2      | Killed Terence
  1083 | D:2      | Reached ** piety under Trog
  1083 | D:2      | Reached XP level 4. HP: 26/37 MP: 4/4
  1258 | D:2      | Found a snail-covered altar of Cheibriados.
  1275 | D:2      | Noticed Natasha
  1285 | D:2      | Killed Natasha
  1549 | D:2      | Noticed Natasha
  1563 | D:2      | Killed Natasha
  1736 | D:2      | Reached XP level 5. HP: 38/43 MP: 5/5
  2107 | D:3      | Reached skill level 1 in Axes
  3040 | D:4      | Reached skill level 2 in Axes
  3096 | D:4      | Reached skill level 5 in Fighting
  3353 | D:4      | Reached XP level 6. HP: 36/51 MP: 6/6
  3370 | D:4      | Reached *** piety under Trog
  3645 | D:5      | Entered Level 5 of the Dungeon
  3718 | D:5      | Found Polir's Armour Shoppe.
  3759 | D:5      | Reached skill level 3 in Axes
  4228 | D:5      | Found a staircase to the Ecumenical Temple.
  4313 | D:5      | Reached XP level 7. HP: 54/56 MP: 7/7
  4690 | D:6      | Reached skill level 4 in Axes
  4700 | D:6      | Noticed vishdafish's ghost (novice GrFi)
  4721 | D:6      | Killed vishdafish's ghost
  4721 | D:6      | Reached skill level 5 in Axes
  4721 | D:6      | Gained mutation: You sometimes gain power by taking damage. [demonic ancestry]
  4721 | D:6      | Reached XP level 8. HP: 52/64 MP: 8/8
  5337 | D:6      | Noticed a moth of wrath
  5340 | D:6      | Found a bloodstained altar of Trog.
  5674 | D:6      | Reached **** piety under Trog
  5749 | D:6      | Reached skill level 6 in Axes
  5911 | D:7      | Found a radiant altar of Vehumet.
  6006 | D:7      | Noticed Duvessa
  6008 | D:7      | Noticed Dowan
  6012 | D:7      | Killed Dowan
  6022 | D:7      | Killed Duvessa
  6216 | D:7      | Got a brightly glowing fustibalus
  6218 | D:7      | Identified the +4 fustibalus "Ogre's Funeral" {venom, *Contam Int+4 Dex+9} (You found it on level 7 of the Dungeon)
  6539 | D:7      | Gained mutation: You have a pair of small horns on your head. [demonic ancestry]
  6539 | D:7      | Reached XP level 9. HP: 57/72 MP: 9/9
  6703 | D:7      | Noticed AltWight's ghost (novice BaFi)
  6711 | D:7      | Killed AltWight's ghost
  6711 | D:7      | Reached skill level 7 in Axes
  6993 | D:7      | Found an ancient bone altar of Kikubaaqudgha.
  7059 | D:8      | Reached skill level 5 in Armour
  7064 | D:8      | Reached skill level 5 in Dodging
  7123 | D:8      | Reached skill level 8 in Axes
  7126 | D:8      | Found a runed door.
  7552 | D:8      | Gained mutation: You have a pair of horns on your head. [demonic ancestry]
  7552 | D:8      | Reached XP level 10. HP: 55/80 MP: 10/10
  7747 | D:8      | Got an ichor-stained war axe
  7748 | D:8      | Identified the +6 war axe of Odde {flame, rN+ Str+4} (You found it on level 8 of the Dungeon)
  7921 | D:8      | Noticed Pikel
  7934 | D:8      | Killed Pikel
  8255 | D:8      | Reached skill level 9 in Axes
  8298 | D:8      | Noticed a three-headed hydra
  8301 | D:8      | Killed a one-headed hydra
  8624 | D:8      | Reached ***** piety under Trog
  8702 | D:8      | Found a roughly hewn altar of Beogh.
  8763 | D:9      | You fall through a shaft for 3 floors!
  8763 | D:12     | Noticed a manticore
  8768 | D:12     | Killed a manticore
  8863 | D:10     | Entered Level 10 of the Dungeon
  8919 | D:10     | Killed an unseen horror
  8919 | D:10     | Gained mutation: You have a moderately thin skeletal structure. (Dex +4, Stealth+) [demonic ancestry]
  8919 | D:10     | Reached XP level 11. HP: 73/87 MP: 11/11
  9006 | D:10     | Noticed an orc knight
  9024 | D:10     | Killed an orc knight
  9024 | D:10     | Reached skill level 10 in Axes
  9080 | D:10     | Found a white marble altar of Elyvilon.
  9184 | D:10     | Noticed a two-headed ogre
  9191 | D:10     | Killed a two-headed ogre
  9373 | D:10     | Noticed a sixfirhy
  9374 | D:10     | Found a runed door.
  9914 | D:11     | Noticed a purple ugly thing
  9922 | D:11     | Killed a purple ugly thing
  9922 | D:11     | Reached skill level 1 in Slings
 10225 | D:11     | Noticed a five-headed hydra
 10233 | D:11     | Killed a one-headed hydra
 10233 | D:11     | Received a gift from Trog
 10800 | D:11     | Found a staircase to the Lair.
 10855 | Lair:1   | Entered Level 1 of the Lair of Beasts
 10860 | Lair:1   | Noticed Grum
 10866 | Lair:1   | Reached skill level 11 in Axes
 10872 | Lair:1   | Killed Grum
 10908 | Lair:1   | Found a frozen archway.
 10908 | Lair:1   | Noticed a seven-headed hydra
 10915 | Lair:1   | Killed a three-headed hydra
 10936 | IceCv    | Entered an ice cave
 10936 | IceCv    | Noticed a white ugly thing
 10949 | IceCv    | HP: 2/90 [white ugly thing (8)]
 10949 | IceCv    | Mangled by a white ugly thing

Skill      XL: |  1  2  3  4  5  6  7  8  9 10 11 |
---------------+----------------------------------+-----
Maces & Flails | 3 4 |  4.0
Fighting       | 4 5 6 7 8 9 |  9.8
Axes           | 2 3 5 6 8 9 11 | 11.2
Armour         | 2 3 4 5 6 7 |  7.6
Dodging        | 2 3 4 5 6 7 |  7.1
Slings         | 2 |  2.4

Action                   |  1- 3 |  4- 6 |  7- 9 | 10-12 || total
-------------------------+-------+-------+-------+-------++-------
Melee: Mace              |    79 |       |       |       ||    79
       Hand axe          |     8 |   187 |       |       ||   195
       Battleaxe         |       |     9 |   276 |    11 ||   296
       Headbutt          |       |       |    21 |    62 ||    83
       War axe           |       |       |       |   243 ||   243
Invok: Berserk           |     1 |     2 |     6 |     6 ||    15
       Trog's Hand       |       |     1 |     3 |     8 ||    12
       Brothers in Arms  |       |       |       |     1 ||     1
  Use: Scroll            |       |     4 |     5 |     1 ||    10
  Eat: Chunk             |     2 |    12 |    17 |    18 ||    49
       Meat ration       |       |       |       |     1 ||     1
Armor: Chain mail        |    67 |    89 |       |   150 ||   306
       Plate armour      |       |    35 |   179 |       ||   214
Dodge: Dodged            |    41 |    80 |   113 |   186 ||   420
